AoeStats
← MilkyDady8720

Lombardia

509519047Analyzed
2v2 RM · 4d ago on Sep 27, 2026· 30m 40s· 4 players
Game mode
Random Map
Map size
Medium (4 player)
Population
200
Speed
Normal
Resources
Standard
Victory
Conquest
Starting age
Dark Age
Ending age
Imperial Age
RankedLock teamsTeams togetherTeam positionsShared explorationLock speedFull tech treeHidden civsTurbo modeCheats
Victory
Defeat
🇦🇷 Byzantines · Argentina
895
+10
🇦🇷 Mongols · Argentina
853
+12
773
-11
🇨🇳 Romans · China
761
-11
JAAD7
7:47 Loom
10:06 Feudal Age
19:05 Castle Age
18:03 Double-Bit Axe
19:46 Town Watch
21:47 Fletching
24:44 Padded Archer Armor
26:44 Bodkin Arrow
29:34 Leather Archer Armor
30:31 Town Patrol
31:08 Wheelbarrow
MilkyDady8720
4:52 Loom
10:08 Feudal Age
12:40 Double-Bit Axe
22:56 Castle Age
21:44 Horse Collar
23:08 Crossbowman
24:17 Bow Saw
24:19 Thumb Ring
27:04 Ballistics
27:17 Heavy Plow
30:48 Wheelbarrow
31:02 Fletching
31:12 Padded Archer Armor
——下等马分界线——
13:27 Feudal Age
15:18 Loom
18:15 Castle Age
16:56 Fletching
20:28 Padded Archer Armor
20:24 Bodkin Arrow
21:42 Wheelbarrow
21:02 Gold Mining
21:02 Stone Mining
20:59 Double-Bit Axe
20:57 Horse Collar
23:15 Leather Archer Armor
23:46 Gold Shaft Mining
23:18 Heavy Plow
25:08 Bow Saw
26:31 Thumb Ring
27:21 Hand Cart
27:30 Elite Skirmisher
76561199004763034
11:01 Feudal Age
11:01 Man-at-Arms
20:57 Loom
26:47 Castle Age
27:00 Double-Bit Axe
27:59 Scale Mail Armor
28:10 Forging
28:06 Scale Barding Armor
Connection lost

Rejoining the realm…

Still unreachable

The connection could not be restored.

Session expired

The server has moved on; the page needs a fresh start.